 Dungeon Crawl Stone Soup version 0.22-a0-247-gbddf880 (webtiles) character file.

69830 Amnesiac the Prestidigitator (level 14, -1/96 HPs)
             Began as a Deep Elf Artificer on Feb 23, 2018.
             Was an Initiate of Gozag.
             Slain by a deep elf archer
             ... wielding a +0 short sword
              (15 damage)
             ... on level 1 of the Elven Halls.
             The game lasted 01:14:12 (24499 turns).

Amnesiac the Prestidigitator (Deep Elf Artificer)  Turns: 24499, Time: 01:14:13

Health: -1/96      AC: 15    Str: 10    XL:     14   Next: 91%
Magic:  29/29      EV: 21    Int: 20    God:    Gozag
Gold:   5122       SH: 12    Dex: 20    Spells: 15/31 levels left

rFire    . . .     SeeInvis +   a - +1 dagger (elec)
rCold    . . .     Gourm    .   G - +0 shield
rNeg     . . .     Faith    .   l - +2 ring mail of Himmof {+Inv}
rPois    .         Spirit   .   P - +0 helmet
rElec    .         Reflect  .   E - +0 cloak of Heresy {rCorr Str-3 SInv Stlth+}
rCorr    +         Harm     .   x - +0 pair of gloves
MR       ++...                  (no boots)
Stlth    ++++++....             y - amulet of rage
HPRegen  0.26/turn              k - ring of protection from magic
MPRegen  0.21/turn              i - +5 ring of protection

@: agile, gold aura, berserk cooldown, very slightly contaminated, slowed,
studying Earth Magic, very slow
A: blurry vision 1, clever 1, robust 1, subdued magic 1
a: Potion Petition, Call Merchant, Bribe Branch, Renounce Religion, Evoke
Berserk Rage, Evoke Invisibility


You were on level 1 of the Elven Halls.
You worshipped Gozag.
Gozag was greatly pleased with you.
You were not hungry.

You visited 4 branches of the dungeon, and saw 19 of its levels.
You also visited: Labyrinth and Sewer.

You collected 5814 gold pieces.
You spent 511 gold pieces at shops.
You paid 181 gold pieces to Gozag.

Inventory:

Hand Weapons
 a - a +1 dagger of electrocution (weapon)
 b - the +4 dagger "Morg" {pain, MR+ Int+5}
   (You found it in a labyrinth)

   In the hands of one skilled in necromantic magic, it inflicts extra damage on
   living creatures.
   It affects your intelligence (+5).
   It affects your resistance to hostile enchantments.
 d - a +4 blowgun
 w - a +2 demon blade of freezing
Missiles
 h - 458 stones (quivered)
 M - 2 throwing nets
 R - 199 arrows
 U - 2 needles of confusion
Armour
 l - the +2 ring mail of Himmof (worn) {+Inv}
   (You found it on level 4 of the Dungeon)

   It lets you turn invisible.
 x - a +0 pair of gloves (worn)
 D - a +2 robe of cold resistance
 E - the +0 cloak of Heresy (worn) {rCorr Str-3 SInv Stlth+}
   (You found it on level 7 of the Dungeon)

   It affects your strength (-3).
   It lets you see invisible.
   It protects you from acid and corrosion.
   It makes you more stealthy.
 G - a +0 shield (worn)
 P - a +0 helmet (worn)
Jewellery
 i - a +5 ring of protection (right hand)
 k - a ring of protection from magic (left hand)
 o - an uncursed ring of fire
 y - an amulet of rage (around neck)
 K - a +3 ring of evasion
Wands
 e - a wand of random effects (10)
 t - a wand of acid (3)
 u - a wand of digging (15)
 N - a wand of iceblast (4)
 O - a wand of polymorph (36)
 W - a wand of flame (15)
Scrolls
 g - 6 scrolls of remove curse {!r}
 j - 3 scrolls of enchant armour {!r}
 n - 12 scrolls of teleportation {!r}
 p - 2 scrolls of summoning {!r}
 q - a scroll of holy word {!r}
 v - 3 scrolls of magic mapping {!r}
 z - 2 scrolls of fog {!r}
 C - a scroll of enchant weapon {!r}
 H - a scroll of amnesia {!r}
 L - 4 scrolls of identify {!r}
 Q - 2 scrolls of vulnerability {!r}
 T - 2 scrolls of fear {!r}
 X - a scroll of brand weapon {!r}
Potions
 r - a potion of magic {!q}
 s - 2 potions of haste {!q}
 B - a potion of brilliance {!q}
 S - a potion of resistance {!q}
 Y - 2 potions of curing {!q}
 Z - 2 potions of might {!q}
Books
 J - a manual of Earth Magic
Miscellaneous
 c - a lightning rod (4/4)
 m - a phial of floods
 A - a crystal ball of energy
 V - a lamp of fire
Comestibles
 f - 3 rations


   Skills:
 * Level 10.6 Fighting
 - Level 10.5 Short Blades
 + Level 10.6 Dodging
 - Level 10.5 Stealth
 * Level 10.6 Shields
 + Level 9.4 Spellcasting
 + Level 12.3 Evocations


You had 15 spell levels left.
You knew the following spells:

 Your Spells              Type           Power        Failure   Level  Hunger
a - Call Imp              Summ           #.......     41%         2    None
b - Passwall              Tmut/Erth      #.........   41%         2    None
c - Slow                  Hex            #.......     41%         2    None
d - Sticks to Snakes      Tmut           #.......     41%         2    None
e - Mephitic Cloud        Conj/Pois/Air  #.......     67%         3    None
s - Conjure Flame         Conj/Fire      #.......     67%         3    None
v - Blink                 Tloc           N/A          41%         2    None


Dungeon Overview and Level Annotations

Branches:
Dungeon (15/15)            Temple (1/1) D:7            Lair (0/6) D:11
    Orc (2/2) D:10            Elf (1/3) Orc:2        Vaults (0/5) D:13
 Depths (0/5) D:15

Altars:
Ashenzari
Cheibriados
Dithmenos
Elyvilon
Fedhas
Gozag
Hepliaklqana
Kikubaaqudgha
Makhleb
Nemelex Xobeh
Okawaru
Qazlal
Ru
Sif Muna
Trog
Uskayaw
Vehumet
Wu Jian
Xom
Yredelemnul
Zin
The Shining One
Beogh

Shops:
D:6 }   D:7 [   D:10 =   D:11 *   D:12 *   Orc:2 ([*=

Annotations:
D:6 Grinder
D:13 exclusion: 2 doors
Elf:1 exclusion: deep elf elementalist


Innate Abilities, Weirdness & Mutations

Scrolls take you a little longer to read.
Your mind is acute. (Int +2)
You are robust. (+10% HP)
Your spells are a little easier to cast, but a little less powerful.


Message History

The deep elf archer shoots an arrow.
The arrow closely misses the deep elf archer.
The deep elf archer shoots an arrow.
The arrow is repelled.
Found an arrow.
Items here: $ ( ))) [ You hit the deep elf archer.
Lightning courses through the deep elf archer!
The deep elf archer is moderately wounded.
You miss the deep elf archer.
The deep elf archer shouts!
The deep elf archer is moderately wounded.
You hit the deep elf archer but do no damage.
The deep elf archer is moderately wounded.
The deep elf archer unwields an uncursed longbow.
The deep elf archer wields an uncursed short sword.
The deep elf archer hits you with an uncursed short sword!
* * * LOW HITPOINT WARNING * * *
You flicker back into view.
You block the deep elf archer's attack.
A red film seems to cover your vision as you go berserk!
You feel yourself moving faster!
You feel mighty! You block the deep elf archer's attack.
You barely miss the deep elf archer.
The deep elf archer is moderately wounded.
You completely miss the deep elf archer.
The deep elf archer is moderately wounded.
The deep elf archer unwields an uncursed longbow.
The deep elf archer wields an uncursed short sword.
The deep elf archer completely misses you.
You closely miss the deep elf archer.
The deep elf archer is moderately wounded.
You block the deep elf archer's attack.
You puncture the deep elf archer!
The deep elf archer is moderately wounded.
You puncture the deep elf archer!
The deep elf archer is heavily wounded.
The deep elf archer blinks!
You closely miss the deep elf archer.
The deep elf archer is heavily wounded.
The deep elf archer misses you.
You completely miss the deep elf archer.
The deep elf archer is heavily wounded.
You puncture the deep elf archer!
The deep elf archer is severely wounded.
The deep elf archer unwields an uncursed short sword.
The deep elf archer wields an uncursed longbow.
The deep elf archer shoots an arrow.
You block the arrow.
You hit the deep elf archer.
Lightning courses through the deep elf archer!
You kill the deep elf archer!
You are too berserk!
You are too berserk!
Unknown command.
You feel a strong urge to attack something.
Found a stone staircase leading down.
Found a potion of curing.
You feel your anger nearly subside.
You are no longer berserk.
You are exhausted.
You feel yourself slow down.
The deep elf archer unwields an uncursed longbow.
The deep elf archer wields an uncursed short sword.
The deep elf archer hits you with an uncursed short sword!
You die...
Your body crumbles into a pile of gold.

...##..#.###)...## #..#
...##..#.##......# .#
.>.##..#.#...(...###..#
...##(..(($......'....
...###...($......'...
...# #..##.$.....#
...###..###(((...#
...'....# ##$$...#
...'....# ##(..@#
...###..##.......e......
...# #...+>...........#.
...# #...+............#
...# #..##............#
...# #..##............#
'### ..##!..(........#
#............+


You could see a deep elf archer.

Vanquished Creatures
  Azrael (D:13)
  A minotaur (Lab)
  Snorg (Orc:1)
  2 yaktaur captains
  Fannar (D:10)
  3 centaur warriors
  3 hydras
  13 two-headed ogres
  3 ogre magi (D:15)
  3 tengu warriors
  4 orc high priests
  A hell knight (D:15)
  3 deep elf knights (Elf:1)
  6 unseen horrors
  6 orc knights
  4 deep elf archers (Elf:1)
  4 orc sorcerers
  Pikel (D:4)
  11 deep elf magi (Elf:1)
  11 ugly things
  3 cyclopes
  A kobold demonologist (D:14)
  2 gargoyles (D:12)
  3 yaktaurs (D:13)
  7 trolls
  5 slime creatures (D:12)
  3 hippogriffs
  An air elemental (Elf:1)
  18 yaks
  A spriggan (D:8)
  2 fire elementals (D:13)
  2 shadows
  A tarantella (shapeshifter) (D:14)
  2 wraiths
  A wyvern (D:12)
  A golden eye (shapeshifter) (D:15)
  3 hungry ghosts
  8 vampire mosquitoes
  3 wargs
  Edmund (D:9)
  6 hell hounds (D:13)
  2 acid dragons (D:14)
  Duvessa (D:4)
  A slave (D:5)
  31 orc warriors
  8 ice beasts
  3 sky beasts
  A black bear (D:13)
  3 necrophages (D:6)
  2 phantoms
  16 ogres
  9 centaurs
  An eye of draining (D:13)
  A crocodile (D:12)
  9 bullfrogs
  8 big kobolds
  2 gnoll sergeants
  A wyvern zombie (D:10)
  Dowan (D:4)
  2 scorpions
  13 killer bees
  23 wights
  5 howler monkeys
  An electric eel (D:11)
  6 crimson imps
  A lava snake (D:11)
  3 bullfrog zombies (D:6)
  2 centaur skeletons
  3 jellies
  2 hounds
  16 orc priests
  2 centaur zombies
  A bullfrog skeleton (D:9)
  6 iguanas
  21 orc wizards
  15 worker ants
  A hound skeleton (D:4)
  13 gnolls
  12 adders
  4 shadow imps
  An ooze (D:3)
  An adder skeleton (D:6)
  4 worms
  2 dart slugs (D:2)
  6 leopard geckos
  63 orcs
  A ball python (Sewer)
  3 bats
  8 giant cockroaches
  6 hobgoblins
  2 jackals (D:2)
  36 kobolds
  6 quokkas
  9 frilled lizards
  7 goblins
  A leopard gecko skeleton (D:4)
  2 rats
  A bush (D:6)
  A plant (D:1)
568 creatures vanquished.

Vanquished Creatures (collateral kills)
  A two-headed ogre (D:12)
1 creature vanquished.

Vanquished Creatures (others)
  A deep elf demonologist (Elf:1)
  A dancing weapon (Elf:1)
  A yak (D:10)
  A necrophage (D:6)
  An ogre (Orc:1)
  A hound (D:9)
  An orc (D:5)
  A kobold (D:7)
  A bush (D:14)
  2 fungi (Orc:2)
  8 plants (D:6)
19 creatures vanquished.

Grand Total: 588 creatures vanquished

Notes
Turn   | Place    | Note
-------+----------+-------------------------------------------
     0 | D:1      | Amnesiac the Deep Elf Artificer began the quest for the Orb.
     0 | D:1      | Reached XP level 1. HP: 11/11 MP: 5/5
    94 | D:3      | Reached skill level 1 in Fighting
   142 | D:3      | Reached XP level 2. HP: 9/17 MP: 6/6
   341 | D:3      | Reached XP level 3. HP: 17/22 MP: 7/7
   498 | D:4      | Got a twisted ring mail
   516 | D:4      | Identified the +2 ring mail of Himmof {+Inv} (You found it on level 4 of the Dungeon)
   544 | D:4      | Reached XP level 4. HP: 7/27 MP: 6/8
   816 | D:4      | Found a hazy altar of Hepliaklqana.
   946 | D:4      | Found a shadowy altar of Dithmenos.
   946 | D:4      | Found a stormy altar of Qazlal.
  1039 | D:4      | Noticed Duvessa
  1043 | D:4      | Noticed Dowan
  1066 | D:4      | Killed Duvessa
  1066 | D:4      | Reached skill level 4 in Evocations
  1066 | D:4      | Reached XP level 5. HP: 24/32 MP: 7/10
  1247 | D:4      | Killed Dowan
  1247 | D:4      | Reached skill level 5 in Evocations
  1704 | D:5      | Entered Level 5 of the Dungeon
  1725 | D:5      | Noticed a sky beast
  1734 | D:5      | Killed a sky beast
  1734 | D:5      | Reached XP level 6. HP: 37/37 MP: 12/12
  1762 | D:5      | Noticed an ice beast
  1777 | D:5      | Killed an ice beast
  1933 | D:5      | Found a shattered altar of Ashenzari.
  1952 | D:5      | Found a white marble altar of Elyvilon.
  1995 | D:5      | Reached XP level 7. HP: 23/41 MP: 11/13
  2201 | D:5      | Noticed Pikel
  2293 | D:4      | Killed Pikel
  2293 | D:4      | Reached skill level 5 in Short Blades
  2357 | D:6      | Reached XP level 8. HP: 17/46 MP: 14/14
  2427 | D:6      | Noticed Edmund
  2487 | D:6      | Found a radiant altar of Vehumet.
  2489 | D:6      | Found Qutt's Gadget Emporium.
  2507 | D:6      | Found a blossoming altar of Fedhas.
  2579 | D:6      | Found a glowing drain.
  2686 | D:6      | Reached skill level 5 in Stealth
  2775 | D:6      | Noticed Grinder
  2776 | D:6      | Paralysed by Grinder for 6 turns
  2840 | Sewer    | Entered a sewer
  2968 | Sewer    | Reached skill level 5 in Dodging
  3769 | D:5      | Reached skill level 6 in Evocations
  4352 | D:6      | Reached skill level 7 in Evocations
  4603 | D:6      | HP: 1/48 [something (5)]
  4792 | D:7      | Found a staircase to the Ecumenical Temple.
  4838 | Temple   | Entered the Ecumenical Temple
  4897 | Temple   | Became a worshipper of Gozag Ym Sagoz the Greedy
  6494 | D:3      | Found a snail-covered altar of Cheibriados.
  7071 | D:6      | Learned a level 2 spell: Blink
  7199 | D:6      | Reached XP level 9. HP: 52/52 MP: 13/16
  7238 | D:6      | Reached skill level 8 in Evocations
  7406 | D:7      | Found Naoth's Armour Boutique.
  7414 | D:7      | Bought a +0 pair of gloves for 45 gold pieces
  7861 | D:7      | Reached skill level 9 in Evocations
  7882 | D:7      | Got an ichor-stained cloak
  8042 | D:8      | Reached skill level 1 in Shields
  8074 | D:8      | Learned a level 3 spell: Conjure Flame
  8078 | D:8      | Learned a level 3 spell: Mephitic Cloud
  8253 | D:8      | Found a sacrificial altar of Ru.
  8294 | D:8      | Found a radiant altar of Vehumet.
  8369 | D:8      | Identified the +0 cloak of Heresy {rCorr Str-3 SInv Stlth+} (You found it on level 7 of the Dungeon)
  8617 | D:8      | Found an ancient bone altar of Kikubaaqudgha.
  8876 | D:9      | Killed Edmund
  8995 | D:9      | Reached XP level 10. HP: 56/56 MP: 17/19
  9117 | D:9      | Noticed a two-headed ogre
  9153 | D:9      | Killed a two-headed ogre
  9165 | D:9      | Noticed an unseen horror
  9279 | D:9      | Killed an unseen horror
  9790 | D:9      | Found a runed door.
  9956 | D:9      | Noticed an orc knight
  9989 | D:9      | Killed an orc knight
  9989 | D:9      | Reached skill level 10 in Short Blades
 10048 | D:9      | Found a roughly hewn altar of Beogh.
 10289 | D:10     | Entered Level 10 of the Dungeon
 10671 | D:10     | Reached XP level 11. HP: 35/61 MP: 20/20
 10686 | D:10     | Noticed Fannar
 10796 | D:10     | Killed Fannar
 10796 | D:10     | Reached skill level 10 in Stealth
 10836 | D:10     | Found Horioq's Jewellery Shop.
 10898 | D:10     | Found a staircase to the Orcish Mines.
 11272 | Orc:1    | Entered Level 1 of the Orcish Mines
 11272 | Orc:1    | Noticed Snorg
 11283 | Orc:1    | Killed Snorg
 11313 | D:10     | Reached skill level 5 in Fighting
 11665 | Orc:2    | Entered Level 2 of the Orcish Mines
 11824 | Orc:2    | Noticed an orc sorcerer
 11825 | Orc:2    | Found Plog's Jewellery Shop.
 11825 | Orc:2    | Noticed an orc knight
 11825 | Orc:2    | Noticed an orc warlord
 11826 | Orc:2    | Noticed an orc high priest
 11828 | Orc:2    | Noticed an orc sorcerer
 11832 | Orc:2    | Killed an orc sorcerer
 11840 | Orc:2    | Killed an orc high priest
 11840 | Orc:2    | Reached skill level 5 in Shields
 11843 | Orc:2    | Noticed an orc knight
 11853 | Orc:2    | Noticed a sixfirhy
 11961 | Orc:2    | Noticed an orc sorcerer
 11961 | Orc:2    | Noticed an orc high priest
 11974 | Orc:1    | Killed an orc knight
 11978 | Orc:1    | Killed an orc knight
 12066 | Orc:2    | Noticed an orc knight
 12080 | Orc:1    | Killed an orc high priest
 12337 | Orc:1    | Learned a level 2 spell: Call Imp
 12614 | Orc:2    | Noticed an orc high priest
 12615 | Orc:2    | Killed an orc high priest
 12615 | Orc:2    | Reached skill level 10 in Evocations
 12619 | Orc:2    | Found a staircase to the Elven Halls.
 12769 | Orc:2    | Noticed a soul eater
 12770 | Orc:2    | Reached skill level 1 in Spellcasting
 12880 | Orc:2    | Killed an orc sorcerer
 12880 | Orc:2    | Reached XP level 12. HP: 67/71 MP: 21/21
 12941 | Orc:2    | Found Eceut's Antique Armour Emporium.
 12978 | Orc:2    | Noticed an orc high priest
 13678 | Orc:2    | Killed an orc high priest
 13966 | Orc:2    | Found Quujoen's General Store.
 14146 | Orc:2    | Bought a potion of mutation for 88 gold pieces
 14747 | Orc:2    | Found Huvywutt's Antique Weapon Shop.
 15345 | Orc:2    | Learned a level 2 spell: Slow
 16042 | D:11     | Found Vytsoss's Assorted Antiques.
 16212 | D:11     | Bought a scroll of teleportation for 66 gold pieces
 16212 | D:11     | Bought a scroll of teleportation for 66 gold pieces
 16212 | D:11     | Bought a potion of heal wounds for 110 gold pieces
 16212 | D:11     | Bought a wand of flame (15) for 22 gold pieces
 16252 | D:11     | Found a staircase to the Lair.
 16737 | D:12     | Noticed a two-headed ogre
 16746 | D:12     | Killed a two-headed ogre
 16920 | D:12     | Found Hicysh's Assorted Antiques.
 16931 | D:12     | Reached skill level 5 in Spellcasting
 16933 | D:12     | Bought a blue potion for 21 gold pieces
 16933 | D:12     | Bought a fizzy ruby potion for 21 gold pieces
 16933 | D:12     | Bought a wand of flame (19) for 24 gold pieces
 16933 | D:12     | Bought a wand of paralysis (12) for 48 gold pieces
 17100 | D:12     | Noticed a two-headed ogre
 17125 | D:12     | Killed a two-headed ogre
 17125 | D:12     | Reached XP level 13. HP: 65/78 MP: 23/23
 18181 | D:13     | Noticed Azrael
 18227 | D:13     | Reached skill level 11 in Evocations
 18509 | D:13     | Killed Azrael
 18995 | D:13     | Found a gate to the Vaults.
 19452 | D:13     | Learned a level 2 spell: Passwall
 19469 | D:14     | Identified a paperback manual
 19490 | D:14     | Learned a level 2 spell: Sticks to Snakes
 19696 | D:14     | Found a glowing golden altar of the Shining One.
 19841 | D:14     | Found a labyrinth entrance.
 19850 | Lab      | Entered a labyrinth
 20540 | Lab      | Noticed a minotaur
 20543 | Lab      | Killed a minotaur
 20545 | Lab      | Found the +4 dagger "Morg" {pain, MR+ Int+5}
 20554 | Lab      | Got a distressingly furry ring mail
 20565 | Lab      | Identified the cursed +1 ring mail "Onegg" {Str+3 Dex+2 SInv} (You found it in a labyrinth)
 21616 | D:14     | Noticed an iron dragon
 21930 | D:14     | Found the +6 shillelagh "Devastator" {shatter}
 21934 | D:14     | Reached XP level 14. HP: 85/86 MP: 25/27
 22485 | D:15     | Entered Level 15 of the Dungeon
 22769 | D:15     | Found a staircase to the Depths.
 22920 | D:15     | Reached skill level 10 in Fighting
 22920 | D:15     | Reached skill level 10 in Dodging
 22920 | D:15     | Reached skill level 10 in Shields
 22922 | D:15     | Reached skill level 12 in Evocations
 23149 | D:15     | Got a dazzling plate armour
 23160 | D:15     | Identified the +6 plate armour "Usaacup" {rC+ Int+5 Dex-5} (You found it on level 15 of the Dungeon)
 23824 | Elf:1    | Entered Level 1 of the Elven Halls
 24109 | Elf:1    | Noticed a deep elf elementalist
 24229 | Elf:1    | Gained mutation: You tend to lose your temper in combat. [mutagenic glow]
 24265 | Elf:1    | Lost mutation: You tend to lose your temper in combat. [potion of mutation]
 24265 | Elf:1    | Gained mutation: Your spells are a little easier to cast, but a little less powerful. [potion of mutation]
 24265 | Elf:1    | Gained mutation: Scrolls take you a little longer to read. [potion of mutation]
 24265 | Elf:1    | Gained mutation: You are robust. (+10% HP) [potion of mutation]
 24265 | Elf:1    | Gained mutation: Your mind is acute. (Int +2) [potion of mutation]
 24499 | Elf:1    | Slain by a deep elf archer

Vault maps used:
D:1:      roderic_crop_circles_arrival_small, hangedman_decor_push
D:3:      cheibriados_altar_1, first_ration
D:4:      kennysheep_mini, gammafunk_temple_overflow_wave, uniq_duvessa
D:5:      amethyst_overflow_temple_binary, uniq_pikel
D:6:      hangedman_cross_stitches, fedhas_altar_decomposition, serial_shops,
          shop_fountains, basic_altar, portal_sewer_entry_d, uniq_edmund,
          uniq_grinder
D:7:      minmay_cornered_nines, temple_fountains, serial_shops, shop_statue
D:8:      hangedman_ru_absence, vehumet_crystals, overflow_temple_1_default,
          the_bakery
D:9:      lightli_church_of_beogh
D:10:     orc_0_dummy, serial_shops, shop_fountains, uniq_fannar
D:11:     lair_entry_dummy, serial_shops, shop, nicolae_lava_and_water
D:12:     serial_shops, nicolae_shop_overgrown_old_shop
D:13:     david_vaults_2, uniq_azrael
D:14:     minmay_roctagon, serial_park_square3, lab_entry_generic,
          tso_metal_star
D:15:     hangedman_depths_entry_civil_slaughter, hangedman_decor_riveting
Temple:   nicolae_temple_hex_pool
Orc:1:    uniq_snorg
Orc:2:    grunt_orc_gardens, grunt_orc_garden, grunt_orc_garden,
          grunt_orc_garden, grunt_orc_garden, abandoned_shop, mines2_lemuel
Elf:1:    elf_arrival_002, basic_altar, kennysheep_underground_church,
          grunt_megastairs_4
Lab:      nicolae_lab_very_dead_end, nicolae_lab_plus
Sewer:    sewer_frog_island_01

Skill      XL: |  1  2  3  4  5  6  7  8  9 10 11 12 13 14 |
---------------+-------------------------------------------+-----
Fighting       | 1 2 3 4 6 8 9 10 | 10.6
Dodging        | 3 4 5 6 8 9 10 | 10.6
Evocations     | 4 5 7 9 10 11 12 | 12.3
Stealth        | 2 6 9 10 | 10.5
Short Blades   | 2 5 6 7 10 | 10.5
Shields        | 4 6 8 9 10 | 10.6
Spellcasting   | 1 5 7 9 |  9.4

Action                   |  1- 3 |  4- 6 |  7- 9 | 10-12 | 13-15 || total
-------------------------+-------+-------+-------+-------+-------++-------
Melee: Short sword       |    35 |     6 |       |       |       ||    41
       Dagger            |       |   102 |   691 |   969 |   857 ||  2619
       Demon blade       |       |       |       |       |     5 ||     5
 Cast: Passwall          |       |       |       |       |     9 ||     9
Invok: Potion Petition   |       |       |     1 |       |       ||     1
 Abil: Evoke Invisibilit |     1 |     5 |    14 |    27 |    18 ||    65
       Evoke Berserk Rag |       |       |     2 |       |     1 ||     3
Evoke: Wand              |     9 |     6 |    38 |   118 |    33 ||   204
       Lightning rod     |       |       |       |     4 |     4 ||     8
  Use: Scroll            |       |     5 |     7 |    18 |     7 ||    37
       Potion            |       |       |     4 |       |     6 ||    10
 Stab: Sleeping          |     1 |     1 |    21 |    26 |    23 ||    72
       Invisible         |     2 |    15 |    40 |   100 |    65 ||   222
       Paralysed         |       |       |     4 |    19 |     5 ||    28
       Distracted        |       |       |     1 |     5 |     7 ||    13
       Confused          |       |       |       |     1 |       ||     1
  Eat: Chunk             |       |     5 |    11 |       |       ||    16
       Ration            |       |       |     6 |    12 |    10 ||    28
Armor: Leather armour    |     9 |       |       |       |       ||     9
       Ring mail         |     1 |    23 |   169 |   152 |   128 ||   473
       Skin              |       |       |       |       |     6 ||     6
Dodge: Dodged            |    30 |    63 |   267 |   338 |   343 ||  1041
Block: Large shield      |       |       |    76 |       |       ||    76
       Buckler           |       |       |    12 |    42 |       ||    54
       Shield            |       |       |       |   198 |   301 ||   499
       Rpst.: Demon blade |       |       |       |       |     2 ||     2

Table legend:
 A = Spawn XP
 B = Non-spawn XP
 C = Spawn XP percentage of total XP
 D = Spawn monster count
 E = Non-spawn monster count
 F = Spawn count percentage of total count
 G = Total turns spent on level
                    A         B        C        D         E        F      G
               +---------+---------+-------+---------+---------+-------+---------
         Total |       0 |   99758 |   0.0 |       0 |     569 |   0.0 | 24499
               +---------+---------+-------+---------+---------+-------+---------
           D:1 |       0 |      15 |   0.0 |       0 |       9 |   0.0 |   707
           D:2 |       0 |      29 |   0.0 |       0 |      14 |   0.0 |   602
           D:3 |       0 |      85 |   0.0 |       0 |      18 |   0.0 |  1003
           D:4 |       0 |     872 |   0.0 |       0 |      12 |   0.0 |  1343
           D:5 |       0 |     712 |   0.0 |       0 |      14 |   0.0 |  1071
           D:6 |       0 |    1430 |   0.0 |       0 |      31 |   0.0 |  1796
           D:7 |       0 |     432 |   0.0 |       0 |      14 |   0.0 |   851
           D:8 |       0 |    1218 |   0.0 |       0 |      27 |   0.0 |   651
           D:9 |       0 |    4266 |   0.0 |       0 |      50 |   0.0 |  1647
          D:10 |       0 |    3685 |   0.0 |       0 |      31 |   0.0 |  1179
          D:11 |       0 |    4431 |   0.0 |       0 |      53 |   0.0 |  1209
          D:12 |       0 |    7850 |   0.0 |       0 |      53 |   0.0 |  1410
          D:13 |       0 |   12823 |   0.0 |       0 |      43 |   0.0 |  2144
          D:14 |       0 |   15598 |   0.0 |       0 |      44 |   0.0 |  1625
          D:15 |       0 |   17037 |   0.0 |       0 |      32 |   0.0 |  1202
         Orc:1 |       0 |    7037 |   0.0 |       0 |      49 |   0.0 |  2446
         Orc:2 |       0 |    8864 |   0.0 |       0 |      37 |   0.0 |  1590
         Elf:1 |       0 |   12068 |   0.0 |       0 |      21 |   0.0 |   675
           Lab |       0 |    1246 |   0.0 |       0 |       1 |   0.0 |   730
         Sewer |       0 |      60 |   0.0 |       0 |      16 |   0.0 |   509
               +---------+---------+-------+---------+---------+-------+---------
